 Dungeon Crawl Stone Soup version 0.23.2-33-g5129a83184 (webtiles) character file.

Game seed: 4498114177566615022

18 FishyPogo the Sneak (level 2, -2/13 HPs)
             Began as a Spriggan Enchanter on July 22, 2019.
             Slain by a worm (6 damage)
             ... on level 2 of the Dungeon.
             The game lasted 00:10:41 (767 turns).

FishyPogo the Sneak (Spriggan Enchanter)             Turns: 767, Time: 00:10:42

Health: -2/13      AC:  2    Str:  4    XL:     2   Next: 48%
Magic:  5/6        EV: 19    Int: 16    God:
Gold:   45         SH:  0    Dex: 16    Spells: 5/6 levels left

rFire    . . .     SeeInvis +   a - +1 dagger
rCold    . . .     Gourm    .   (shield restricted)
rNeg     . . .     Faith    .   h - +0 robe
rPois    .         Spirit   .   (helmet restricted)
rElec    .         Reflect  .   (no cloak)
rCorr    .         Harm     .   (gloves unavailable)
MR       +....                  (boots unavailable)
Stlth    +++.......             (no amulet)
HPRegen  0.04/turn              c - ring of protection from magic
MPRegen  0.10/turn              (no ring)

@: very quick
A: very small, unfitting armour, see invisible, herbivore, speed 3, slow
metabolism 2
a: no special abilities


You were on level 2 of the Dungeon.
You were not hungry.

You visited 1 branch of the dungeon, and saw 2 of its levels.

You collected 45 gold pieces.

Inventory:

Hand Weapons
 a - a +1 dagger (weapon)
Missiles
 e - 14 stones (quivered)
Armour
 b - a +0 robe
 h - a +0 robe (worn)
Jewellery
 c - a ring of protection from magic (left hand)
Potions
 f - a potion of invisibility {unknown}
 g - a potion of degeneration {unknown}
 i - a potion of lignification
Comestibles
 d - a ration


   Skills:
 + Level 1.2 Short Blades
 + Level 3.5 Dodging
 + Level 4.8 Stealth
 + Level 2.8 Spellcasting
 + Level 4.0 Hexes


You had 5 spell levels left.
You knew the following spells:

 Your Spells              Type           Power        Failure   Level  Hunger
a - Corona                Hex            ###....      3%          1    #......

Your spell library contained the following spells:

 Spells                   Type           Power        Failure   Level  Hunger
 Confuse                  Hex            ###.....     11%         3    ###....
 Tukima's Dance           Hex            ###.....     11%         3    ###....
 Ensorcelled Hibernation  Hex/Ice        #.....       13%         2    ##.....
 Dazzling Spray           Conj/Hex       #.....       26%         3    ###....


Dungeon Overview and Level Annotations

Branches:
Dungeon (2/15)

Altars:


Innate Abilities, Weirdness & Mutations

You are very small and have problems with some larger weapons.
You are too small for most types of armour.
You have supernaturally acute eyesight. (SInv)
You are a herbivore.
You cover ground extremely quickly.
You need to consume almost no food.


Message History

The hobgoblin hits you with a +0 club.
You hit the hobgoblin.
You kill the hobgoblin!
You see here a fuming purple potion.
g - a fuming purple potion You hit the worm.
The worm is lightly wounded.
You barely miss the worm.
The worm is lightly wounded.
The worm bites you.
Casting: Corona (safe; 3% risk of failure)
Confirm with . or Enter, or press ? or * to list all spells.
Aiming: Corona (safe; 3% risk of failure)
Press: ? - help, Shift-Dir - straight line, f - worm
Aim: a worm (lightly wounded, chance to defeat MR: 61%)
The worm is outlined in light.
You hit the worm but do no damage.
The worm is lightly wounded.
The worm bites you.
You die...

# .. #.. #... #....
####### #####
#.....###...(.##.....
#.....)..............
#....##.w............
#.#.....)@..........?
#.....<............
...........<........
.#...........†......
....................
..............!.....
.......#.....##.....
......###..## #####
.. #..#


You could see a worm.

Vanquished Creatures
  A dart slug (D:1)
  3 bats (D:1)
  A giant cockroach (D:2)
  3 hobgoblins
  2 kobolds (D:1)
  2 frilled lizards (D:1)
  A goblin (D:2)
  2 rats (D:1)
15 creatures vanquished.

Notes
Turn   | Place    | Note
-------+----------+-------------------------------------------
     0 | D:1      | FishyPogo the Spriggan Enchanter began the quest for the
                  | Orb.
     0 | D:1      | Reached XP level 1. HP: 9/9 MP: 5/5
   270 | D:1      | Reached XP level 2. HP: 12/13 MP: 6/6
   767 | D:2      | Slain by a worm

Skill      XL: |  1  2 |
---------------+-------+-----
Hexes          | 4 |  4.0
Short Blades   | |  1.2
Dodging        | |  3.5
Stealth        | |  4.8
Spellcasting   | |  2.8

Action                   || total
-------------------------++-------
Melee: Dagger            ||    82
 Cast: Corona            ||     6
  Use: Scroll            ||     4
       Potion            ||     1
 Stab: Sleeping          ||     1
Armor: Robe              ||     4
Dodge: Dodged            ||    81
